Lightning vs Devils

Created - 19 février 2021 at 20:31

Goals
1 2 3 OT1 T
Lightning 2 1 0 0 3
Devils 0 1 2 1 4
Shots
1 2 3 OT1 T
Lightning 21 6 9 0 36
Devils 7 12 8 1 28

1st period

1. Lightning , Alex Killorn 26 (Logan Couture 35, Kevin Shattenkirk 29) at 0:18
2. Lightning , Alexander Edler 2 (William Karlsson 33) at 11:15 (PP)

Penalties :
Alexander Edler (TBL) for Interference (Minor) at 4:24, Mikhail Sergachev (NJD) for Hooking (Minor) at 10:59

2nd period

3. Devils , Sam Reinhart 10 (Travis Konecny 11, Damon Severson 18) at 0:55
4. Lightning , Zach Bogosian 2 (Sidney Crosby 30, Alex Killorn 30) at 19:21

Penalties :
Evgeni Malkin (NJD) for Cross-checking (Minor) at 2:52, Erik Gudbranson (TBL) for Slashing (Minor) at 9:26, Alex Killorn (TBL) for Holding (Minor) at 12:10, Damon Severson (NJD) for Hooking (Minor) at 15:16

3rd period

5. Devils , Evgeni Malkin 17 (Mikhail Sergachev 17) at 11:15
6. Devils , Cale Makar 10 (Travis Konecny 12, Ryan Suter 39) at 16:45 (PP)

Penalties :
Erik Gudbranson (TBL) for High sticking (Minor) at 15:44

Overtime #1

7. Devils , Travis Konecny 10 (T.J. Oshie 21, Damon Severson 19) at 1:09

Penalties :
No Penalty

Goalie Stats

Jaroslav Halak (TBL), 24 saves from 28 shots - (0,857), OTL, 28-12-4, 61:10 minutes
Marc-Andre Fleury (NJD), 33 saves from 36 shots - (0,917), W, 18-20-5, 61:10 minutes

Players Stats for Lightning

Player Name              G  A  P  +/- PIM S  H  SB GA TA FO     MP     PP MP  PK MP  
------------------------------------------------------------------------------------
Alex Killorn             1  1  2   1  2   6  2  0  0  0  0/1    17:54   1:31   0:00 
Alexander Edler          1  0  1  -1  2   2  1  2  0  0  0/0    24:24   1:50   2:13 
Erik Gudbranson          0  0  0   0  4   1  3  1  0  0  0/0    15:51   0:39   1:00 
Frederik Gauthier        0  0  0  -1  0   0  0  0  0  0  4/10    6:39   0:00   2:16 
Jason Demers             0  0  0   1  0   1  1  3  0  0  0/0    20:55   2:24   3:24 
Jeff Carter              0  0  0  -1  0   2  1  0  0  0  2/2    19:17   2:43   0:00 
Jeff Skinner             0  0  0   0  0   1  0  0  0  0  1/2    13:07   0:00   1:25 
Joonas Donskoi           0  0  0   0  0   2  1  0  0  0  0/1    21:18   2:43   2:16 
Kevin Shattenkirk        0  1  1  -2  0   1  1  2  0  0  0/0    25:06   1:50   3:34 
Logan Couture            0  1  1   1  0   2  1  0  0  0  2/2    18:50   1:31   0:00 
Pierre-Edouard Bellemare 0  0  0  -1  0   0  0  0  0  0  1/1     8:12   0:00   3:49 
Ryan Lindgren            0  0  0   0  0   0  0  0  0  0  0/0     0:00   0:00   0:00 
Sidney Crosby            0  1  1  -1  0   5  1  0  0  0  18/24  22:33   1:31   0:00 
Travis Zajac             0  0  0   0  0   5  0  0  0  0  14/22  15:52   0:00   4:10 
Trevor Daley             0  0  0   0  0   2  0  1  0  0  0/0    14:14   0:00   0:00 
William Karlsson         0  1  1   0  0   3  0  1  0  0  11/20  19:57   2:43   0:00 
Zach Bogosian            1  0  1   1  0   1  1  0  0  0  0/0    20:37   1:45   3:45 
Zack Kassian             0  0  0   0  0   2  1  0  0  0  0/0    11:42   0:00   0:00 

Players Stats for Devils

Player Name              G  A  P  +/- PIM S  H  SB GA TA FO     MP     PP MP  PK MP  
------------------------------------------------------------------------------------
Brian Boyle              0  0  0   0  0   1  2  0  0  0  2/10   10:15   0:47   2:08 
Bryan Little             0  0  0   0  0   0  0  0  0  0  0/0     8:59   0:00   1:39 
Cale Makar               1  0  1  -2  0   3  0  4  0  0  0/0    22:13   3:57   1:26 
Chris Kreider            0  0  0  -1  0   1  4  0  0  0  1/4    18:09   3:52   0:56 
Damon Severson           0  2  2   2  2   1  6  0  0  0  0/0    21:29   3:01   0:42 
Evgeni Malkin            1  0  1   2  2   3  0  0  0  0  9/19   18:50   3:41   0:27 
Justin Schultz           0  0  0   1  0   0  2  3  0  0  0/0    22:04   3:01   1:45 
Mathieu Joseph           0  0  0   0  0   0  3  0  0  0  0/0     7:20   0:00   0:00 
Mike Hoffman             0  0  0  -1  0   3  2  0  0  0  1/2    17:17   3:06   0:00 
Mikhail Sergachev        0  1  1   1  2   0  1  0  0  0  0/0    15:09   0:00   0:03 
Nicklas Backstrom        0  0  0  -1  0   2  0  0  0  0  10/22  17:14   3:06   0:00 
Niklas Hjalmarsson       0  0  0   1  0   1  0  1  0  0  0/0    17:04   0:00   2:24 
Ryan Suter               0  1  1  -2  0   2  2  1  0  0  0/0    23:09   3:57   2:08 
Sam Reinhart             1  0  1   2  0   1  0  1  0  0  0/0    13:56   0:00   0:00 
T.J. Oshie               0  1  1   0  0   2  2  0  0  0  0/3    17:36   3:52   0:00 
Travis Konecny           1  2  3   3  0   5  2  0  0  0  0/1    16:49   2:30   0:00 
Tyler Bozak              0  0  0  -1  0   2  1  0  0  0  9/24   15:24   0:00   1:13 
Zack Smith               0  0  0  -1  0   1  6  0  0  0  0/0    16:16   0:00   2:05 

3 Stars

1 - Travis Konecny (NJD)
2 - Damon Severson (NJD)
3 - Sam Reinhart (NJD)

Power Play

Lightning - 1 on 3 Attempt(s) - 33,33%
Devils - 1 on 4 Attempt(s) - 25,00%

Penalty Kill

Lightning - 3 on 4 Attempt(s) - 75,00% - Score 0 goal in Penalty Kill
Devils - 2 on 3 Attempt(s) - 66,67% - Score 0 goal in Penalty Kill

Team Stat

Lightning - Hits : 14 - Faceoff Wins : 53 - Blocked Shots : 10 - Penalty Minutes : 8
Devils - Hits : 33 - Faceoff Wins : 32 - Blocked Shots : 10 - Penalty Minutes : 6

Official

Referees : Terry Koharski and Mike Campbell
Linesman : Luke Galvin and Steve Miller

Game Notes

No Game Note

Finance

Level 1 -- Attendance: 6000 (100,00%) -- Ticket Income 672 000 $
Level 2 -- Attendance: 5000 (100,00%) -- Ticket Income 405 000 $
Level 3 -- Attendance: 2000 (100,00%) -- Ticket Income 160 000 $
Level 4 -- Attendance: 2768 (76,36%) -- Ticket Income 41 520 $
Luxury Box -- Attendance: 954 (95,40%) -- Ticket Income 186 030 $
Game was played at the Prudential Center.
Total Attendance: 16722 (94,88%)
Total Ticket Income: 1 464 550 $
Other Income: 717 630 $
Total Income: 2 182 180 $

% Time on Ice - Lightning

Lines # - Real PCT - Wanted PCT - Time Play
Normal Forward
1 - 34% - 40% - 16:24
2 - 33% - 36% - 16:19
3 - 24% - 17% - 11:42
4 - 9% - 7% - 4:23
Normal Defense
1 - 37% - 40% - 18:13
2 - 31% - 30% - 15:07
3 - 29% - 20% - 14:14
4 - 3% - 10% - 1:14
PP Forward
1 - 36% - 55% - 1:31
2 - 64% - 45% - 2:43
PP Defense
1 - 43% - 50% - 1:50
2 - 57% - 50% - 2:24
PK Forward
1 - 67% - 60% - 4:42
2 - 33% - 40% - 2:16
PK Defense
1 - 51% - 60% - 3:34
2 - 49% - 40% - 3:24
PK3 Forward
1 - 0% - 60%
2 - 0% - 40%
PK3 Defense
1 - 0% - 60%
2 - 0% - 40%
44 Forward
1 - 0% - 60%
2 - 0% - 40%
44 Defense
1 - 0% - 60%
2 - 0% - 40%
Last Minute Offensive  - 0:00
Last Minute Defensive  - 0:00
Total
Forward - 60:00
Defense - 60:00

% Time on Ice - Devils

Lines # - Real PCT - Wanted PCT - Time Play
Normal Forward
1 - 27% - 32% - 13:21
2 - 29% - 32% - 14:11
3 - 29% - 32% - 13:56
4 - 15% - 4% - 7:20
Normal Defense
1 - 33% - 36% - 16:17
2 - 36% - 36% - 17:24
3 - 30% - 28% - 14:40
4 - 1% - 0% - 0:27
PP Forward
1 - 56% - 60% - 3:52
2 - 44% - 40% - 3:06
PP Defense
1 - 57% - 60% - 3:57
2 - 43% - 40% - 3:01
PK Forward
1 - 71% - 60% - 3:01
2 - 29% - 40% - 1:13
PK Defense
1 - 48% - 60% - 2:03
2 - 52% - 40% - 2:11
PK3 Forward
1 - 0% - 60%
2 - 0% - 40%
PK3 Defense
1 - 0% - 60%
2 - 0% - 40%
44 Forward
1 - 0% - 60%
2 - 0% - 40%
44 Defense
1 - 0% - 60%
2 - 0% - 40%
Last Minute Offensive  - 0:00
Last Minute Defensive  - 0:00
Total
Forward - 60:00
Defense - 60:00

Play-by-Play

1st period


0:01 of 1st period - Sidney Crosby wins face-off versus Nicklas Backstrom in neutral zone.
0:18 of 1st period - Shot by Logan Couture.
0:18 of 1st period - Deflect By Alex Killorn.
0:18 of 1st period - Goal by Alex Killorn - Lightning : 1 - Devils : 0.
0:19 of 1st period - Mike Hoffman wins face-off versus William Karlsson in neutral zone.
0:34 of 1st period - Shot by Zack Smith.
0:34 of 1st period - Shot Misses the Net.
0:58 of 1st period - Shot by Tyler Bozak.
0:58 of 1st period - Stopped by Jaroslav Halak with a rebound.
1:13 of 1st period - Mikhail Sergachev is hit by Jason Demers.
1:17 of 1st period - Shot by Travis Konecny.
1:17 of 1st period - Shot Misses the Net.
1:29 of 1st period - Shot by Travis Konecny.
1:29 of 1st period - Shot Misses the Net.
1:42 of 1st period - Shot by Travis Konecny.
1:42 of 1st period - Stopped by Jaroslav Halak without a rebound.
1:43 of 1st period - Sidney Crosby wins face-off versus Chris Kreider in Lightning zone.
1:51 of 1st period - Icing by Ryan Suter.
1:52 of 1st period - Travis Zajac wins face-off versus Nicklas Backstrom in Devils zone.
1:59 of 1st period - Shot by Jeff Skinner.
1:59 of 1st period - Shot Blocked by Cale Makar.
2:03 of 1st period - Shot by Travis Zajac.
2:03 of 1st period - Stopped by Marc-Andre Fleury without a rebound.
2:04 of 1st period - Sidney Crosby wins face-off versus Brian Boyle in Devils zone.
2:23 of 1st period - Shot by Sidney Crosby.
2:23 of 1st period - Shot Misses the Net.
2:25 of 1st period - Shot by Alex Killorn.
2:25 of 1st period - Deflect By Sidney Crosby.
2:25 of 1st period - Shot Blocked by Justin Schultz.
3:23 of 1st period - Shot by Zack Kassian.
3:23 of 1st period - Stopped by Marc-Andre Fleury without a rebound.
3:24 of 1st period - Frederik Gauthier wins face-off versus Evgeni Malkin in Devils zone.
3:51 of 1st period - Shot by Evgeni Malkin.
3:51 of 1st period - Deflect By Travis Konecny.
3:51 of 1st period - Shot Misses the Net.
4:24 of 1st period - Minor Penalty to Alexander Edler for Interference.
4:25 of 1st period - Travis Zajac wins face-off versus T.J. Oshie in Lightning zone.
4:25 of 1st period - Travis Zajac is hit by Chris Kreider.
4:35 of 1st period - Shot by Cale Makar.
4:35 of 1st period - Stopped by Jaroslav Halak without a rebound.
4:36 of 1st period - Travis Zajac wins face-off versus T.J. Oshie in Lightning zone.
5:01 of 1st period - Shot by Cale Makar.
5:01 of 1st period - Shot Misses the Net.
5:23 of 1st period - Shot by Damon Severson.
5:23 of 1st period - Shot Blocked by Jason Demers.
5:45 of 1st period - Shot by Nicklas Backstrom.
5:45 of 1st period - Stopped by Jaroslav Halak without a rebound.
5:46 of 1st period - Nicklas Backstrom wins face-off versus Frederik Gauthier in Lightning zone.
6:16 of 1st period - Nicklas Backstrom is hit by Kevin Shattenkirk and loses puck.
6:37 of 1st period - Shot by Logan Couture.
6:37 of 1st period - Shot Misses the Net.
6:56 of 1st period - Shot by Logan Couture.
6:56 of 1st period - Deflect By Sidney Crosby.
6:56 of 1st period - Stopped by Marc-Andre Fleury with a rebound.
7:20 of 1st period - Shot by Travis Zajac.
7:20 of 1st period - Deflect By Jeff Skinner.
7:20 of 1st period - Shot Misses the Net.
7:22 of 1st period - Shot by Travis Zajac.
7:22 of 1st period - Stopped by Marc-Andre Fleury without a rebound.
7:23 of 1st period - Evgeni Malkin wins face-off versus William Karlsson in Devils zone.
7:41 of 1st period - Icing by Alexander Edler.
7:42 of 1st period - William Karlsson wins face-off versus Nicklas Backstrom in Lightning zone.
7:42 of 1st period - William Karlsson is hit by Chris Kreider.
8:30 of 1st period - Shot by Alex Killorn.
8:30 of 1st period - Shot Misses the Net.
8:32 of 1st period - Shot by Sidney Crosby.
8:32 of 1st period - Stopped by Marc-Andre Fleury with a rebound.
8:34 of 1st period - Shot by Logan Couture.
8:34 of 1st period - Deflect By Alex Killorn.
8:34 of 1st period - Shot Misses the Net.
8:42 of 1st period - Shot by Sidney Crosby.
8:42 of 1st period - Deflect By Alex Killorn.
8:42 of 1st period - Shot Misses the Net.
8:51 of 1st period - Icing by T.J. Oshie.
8:52 of 1st period - Travis Zajac wins face-off versus Nicklas Backstrom in Devils zone.
9:07 of 1st period - Shot by Jeff Skinner.
9:07 of 1st period - Deflect By Travis Zajac.
9:07 of 1st period - Stopped by Marc-Andre Fleury without a rebound.
9:08 of 1st period - William Karlsson wins face-off versus Tyler Bozak in Devils zone.
9:15 of 1st period - Shot by Jeff Carter.
9:15 of 1st period - Shot Misses the Net.
9:17 of 1st period - Shot by William Karlsson.
9:17 of 1st period - Stopped by Marc-Andre Fleury without a rebound.
9:18 of 1st period - Sidney Crosby wins face-off versus Evgeni Malkin in Devils zone.
9:25 of 1st period - Shot by Logan Couture.
9:25 of 1st period - Stopped by Marc-Andre Fleury with a rebound.
9:27 of 1st period - Shot by Alexander Edler.
9:27 of 1st period - Stopped by Marc-Andre Fleury with a rebound.
9:49 of 1st period - Sam Reinhart is hit by Alex Killorn and loses puck.
9:54 of 1st period - Shot by Alex Killorn.
9:54 of 1st period - Stopped by Marc-Andre Fleury without a rebound.
9:55 of 1st period - Jeff Carter wins face-off versus Tyler Bozak in Devils zone.
9:56 of 1st period - Shot by Joonas Donskoi.
9:56 of 1st period - Shot Misses the Net.
10:08 of 1st period - Shot by William Karlsson.
10:08 of 1st period - Stopped by Marc-Andre Fleury with a rebound.
10:10 of 1st period - Shot by William Karlsson.
10:10 of 1st period - Shot Misses the Net.
10:12 of 1st period - Shot by Jason Demers.
10:12 of 1st period - Shot Misses the Net.
10:14 of 1st period - Shot by Jeff Carter.
10:14 of 1st period - Deflect By William Karlsson.
10:14 of 1st period - Stopped by Marc-Andre Fleury without a rebound.
10:15 of 1st period - Travis Zajac wins face-off versus Brian Boyle in Devils zone.
10:18 of 1st period - Shot by Travis Zajac.
10:18 of 1st period - Shot Blocked by Ryan Suter.
10:20 of 1st period - Shot by Travis Zajac.
10:20 of 1st period - Shot Misses the Net.
10:22 of 1st period - Shot by Travis Zajac.
10:22 of 1st period - Shot Misses the Net.
10:32 of 1st period - Shot by Jeff Skinner.
10:32 of 1st period - Stopped by Marc-Andre Fleury without a rebound.
10:33 of 1st period - Sidney Crosby wins face-off versus Tyler Bozak in Devils zone.
10:42 of 1st period - Shot by Sidney Crosby.
10:42 of 1st period - Shot Misses the Net.
10:44 of 1st period - Shot by Alex Killorn.
10:44 of 1st period - Deflect By Logan Couture.
10:44 of 1st period - Stopped by Marc-Andre Fleury without a rebound.
10:45 of 1st period - Nicklas Backstrom wins face-off versus William Karlsson in Devils zone.
10:59 of 1st period - Minor Penalty to Mikhail Sergachev for Hooking.
11:00 of 1st period - Sidney Crosby wins face-off versus Brian Boyle in Devils zone.
11:13 of 1st period - Shot by Jason Demers.
11:13 of 1st period - Stopped by Marc-Andre Fleury without a rebound.
11:14 of 1st period - William Karlsson wins face-off versus Brian Boyle in Devils zone.
11:15 of 1st period - Shot by Alexander Edler.
11:15 of 1st period - Goal by Alexander Edler - Lightning : 2 - Devils : 0.
11:16 of 1st period - Tyler Bozak wins face-off versus Sidney Crosby in neutral zone.
11:32 of 1st period - Shot by Alex Killorn.
11:32 of 1st period - Shot Misses the Net.
11:39 of 1st period - Alex Killorn is hit by Ryan Suter and loses puck.
11:46 of 1st period - Shot by Logan Couture.
11:46 of 1st period - Deflect By Sidney Crosby.
11:46 of 1st period - Stopped by Marc-Andre Fleury without a rebound.
11:47 of 1st period - Nicklas Backstrom wins face-off versus William Karlsson in Devils zone.
12:07 of 1st period - Icing by Jason Demers.
12:08 of 1st period - Evgeni Malkin wins face-off versus William Karlsson in Lightning zone.
12:19 of 1st period - Shot by Travis Konecny.
12:19 of 1st period - Shot Misses the Net.
12:27 of 1st period - Travis Konecny is hit by Jeff Carter and loses puck.
13:10 of 1st period - Shot by Alex Killorn.
13:10 of 1st period - Stopped by Marc-Andre Fleury without a rebound.
13:11 of 1st period - Tyler Bozak wins face-off versus Travis Zajac in Devils zone.
13:30 of 1st period - Shot by Mike Hoffman.
13:30 of 1st period - Shot Blocked by Erik Gudbranson.
13:32 of 1st period - Shot by Zack Smith.
13:32 of 1st period - Stopped by Jaroslav Halak without a rebound.
13:33 of 1st period - Nicklas Backstrom wins face-off versus Frederik Gauthier in Lightning zone.
14:01 of 1st period - Sidney Crosby is hit by Damon Severson and loses puck.
14:19 of 1st period - Off-side.
14:20 of 1st period - Tyler Bozak wins face-off versus William Karlsson in neutral zone.
14:48 of 1st period - Shot by Tyler Bozak.
14:48 of 1st period - Shot Misses the Net.
14:52 of 1st period - Shot by Mike Hoffman.
14:52 of 1st period - Shot Misses the Net.
14:54 of 1st period - Shot by Ryan Suter.
14:54 of 1st period - Shot Misses the Net.
14:56 of 1st period - Shot by Zack Smith.
14:56 of 1st period - Deflect By Mike Hoffman.
14:56 of 1st period - Shot Misses the Net.
15:22 of 1st period - Shot by Evgeni Malkin.
15:22 of 1st period - Shot Misses the Net.
16:32 of 1st period - Off-side.
16:33 of 1st period - Brian Boyle wins face-off versus Frederik Gauthier in neutral zone.
17:14 of 1st period - Joonas Donskoi is hit by Mathieu Joseph and loses puck.
17:21 of 1st period - Shot by Trevor Daley.
17:21 of 1st period - Stopped by Marc-Andre Fleury without a rebound.
17:22 of 1st period - Jeff Carter wins face-off versus Tyler Bozak in Devils zone.
17:25 of 1st period - Shot by Joonas Donskoi.
17:25 of 1st period - Shot Misses the Net.
17:49 of 1st period - Shot by Joonas Donskoi.
17:49 of 1st period - Stopped by Marc-Andre Fleury without a rebound.
17:50 of 1st period - Evgeni Malkin wins face-off versus Travis Zajac in Devils zone.
17:54 of 1st period - Sam Reinhart is hit by Zack Kassian and loses puck.
18:05 of 1st period - Shot by Evgeni Malkin.
18:05 of 1st period - Stopped by Jaroslav Halak without a rebound.
18:06 of 1st period - Logan Couture wins face-off versus Chris Kreider in Lightning zone.
18:06 of 1st period - Logan Couture is hit by Chris Kreider.
19:14 of 1st period - Off-side.
19:15 of 1st period - Travis Zajac wins face-off versus Evgeni Malkin in neutral zone.
19:15 of 1st period - Jeff Skinner is hit by Travis Konecny and loses puck.
19:22 of 1st period - Icing by Trevor Daley.
19:23 of 1st period - Tyler Bozak wins face-off versus Travis Zajac in Lightning zone.
19:44 of 1st period - Shot by Tyler Bozak.
19:44 of 1st period - Stopped by Jaroslav Halak without a rebound.
19:45 of 1st period - Sidney Crosby wins face-off versus Evgeni Malkin in Lightning zone.
Goals for this period are 2 for Lightning vs 0 for Devils.
Shots for this period are 21 for Lightning vs 7 for Devils.

2nd period


0:01 of 2nd period - Tyler Bozak wins face-off versus Alex Killorn in neutral zone.
0:06 of 2nd period - Shot by Tyler Bozak.
0:06 of 2nd period - Shot Blocked by Alexander Edler.
0:25 of 2nd period - Icing by Alexander Edler.
0:26 of 2nd period - Sidney Crosby wins face-off versus Evgeni Malkin in Lightning zone.
0:40 of 2nd period - Sam Reinhart is hit by Alexander Edler and loses puck.
0:55 of 2nd period - Shot by Sam Reinhart.
0:55 of 2nd period - Goal by Sam Reinhart - Lightning : 2 - Devils : 1.
0:56 of 2nd period - William Karlsson wins face-off versus Tyler Bozak in neutral zone.
1:30 of 2nd period - Ryan Suter is hit by Joonas Donskoi.
1:57 of 2nd period - Off-side.
1:58 of 2nd period - Evgeni Malkin wins face-off versus Travis Zajac in neutral zone.
2:01 of 2nd period - Shot by Travis Konecny.
2:01 of 2nd period - Stopped by Jaroslav Halak without a rebound.
2:02 of 2nd period - Sidney Crosby wins face-off versus Chris Kreider in Lightning zone.
2:02 of 2nd period - Sidney Crosby is hit by T.J. Oshie.
2:09 of 2nd period - Off-side.
2:10 of 2nd period - Sidney Crosby wins face-off versus Travis Konecny in neutral zone.
2:16 of 2nd period - Logan Couture is hit by Damon Severson and loses puck.
2:51 of 2nd period - Shot by Travis Konecny.
2:51 of 2nd period - Shot Misses the Net.
2:52 of 2nd period - Minor Penalty to Evgeni Malkin for Cross-checking.
2:53 of 2nd period - William Karlsson wins face-off versus Brian Boyle in Devils zone.
3:53 of 2nd period - Ryan Suter is hit by Logan Couture and loses puck.
4:30 of 2nd period - Shot by Erik Gudbranson.
4:30 of 2nd period - Stopped by Marc-Andre Fleury with a rebound.
4:36 of 2nd period - Shot by Jason Demers.
4:36 of 2nd period - Deflect By Joonas Donskoi.
4:36 of 2nd period - Shot Blocked by Cale Makar.
4:38 of 2nd period - Shot by Jeff Carter.
4:38 of 2nd period - Stopped by Marc-Andre Fleury with a rebound.
4:57 of 2nd period - Jeff Skinner is hit by Mikhail Sergachev and loses puck.
5:18 of 2nd period - Shot by Sam Reinhart.
5:18 of 2nd period - Shot Misses the Net.
5:25 of 2nd period - Icing by Erik Gudbranson.
5:26 of 2nd period - Nicklas Backstrom wins face-off versus Travis Zajac in Lightning zone.
5:31 of 2nd period - Shot by Nicklas Backstrom.
5:31 of 2nd period - Shot Misses the Net.
5:55 of 2nd period - Shot by Nicklas Backstrom.
5:55 of 2nd period - Stopped by Jaroslav Halak with a rebound.
6:12 of 2nd period - Shot by Sidney Crosby.
6:12 of 2nd period - Stopped by Marc-Andre Fleury without a rebound.
6:13 of 2nd period - Frederik Gauthier wins face-off versus Tyler Bozak in Devils zone.
6:14 of 2nd period - Shot by Sidney Crosby.
6:14 of 2nd period - Shot Hit the Post.
6:27 of 2nd period - Tyler Bozak is hit by Zach Bogosian and loses puck.
6:34 of 2nd period - Shot by Mike Hoffman.
6:34 of 2nd period - Shot Blocked by Jason Demers.
6:41 of 2nd period - Sidney Crosby is hit by Zack Smith and loses puck.
6:55 of 2nd period - Icing by Jason Demers.
6:56 of 2nd period - Frederik Gauthier wins face-off versus Evgeni Malkin in Lightning zone.
7:17 of 2nd period - Shot by Travis Konecny.
7:17 of 2nd period - Stopped by Jaroslav Halak without a rebound.
7:18 of 2nd period - Travis Zajac wins face-off versus Nicklas Backstrom in Lightning zone.
7:18 of 2nd period - Travis Zajac is hit by Chris Kreider.
7:56 of 2nd period - Jeff Skinner is hit by Ryan Suter.
8:44 of 2nd period - Shot by Mike Hoffman.
8:44 of 2nd period - Shot Misses the Net.
9:18 of 2nd period - Sam Reinhart is hit by Erik Gudbranson and loses puck.
9:23 of 2nd period - Shot by Travis Konecny.
9:23 of 2nd period - Stopped by Jaroslav Halak with a rebound.
9:25 of 2nd period - Shot by Mikhail Sergachev.
9:25 of 2nd period - Shot Blocked by Trevor Daley.
9:26 of 2nd period - Minor Penalty to Erik Gudbranson for Slashing.
9:27 of 2nd period - Pierre-Edouard Bellemare wins face-off versus Evgeni Malkin in Lightning zone.
9:52 of 2nd period - Shot by Evgeni Malkin.
9:52 of 2nd period - Stopped by Jaroslav Halak without a rebound.
9:53 of 2nd period - Nicklas Backstrom wins face-off versus Jeff Skinner in Lightning zone.
9:58 of 2nd period - Shot by Damon Severson.
9:58 of 2nd period - Stopped by Jaroslav Halak without a rebound.
9:59 of 2nd period - Travis Zajac wins face-off versus Mike Hoffman in Lightning zone.
10:34 of 2nd period - Icing by Travis Konecny.
10:35 of 2nd period - Nicklas Backstrom wins face-off versus Frederik Gauthier in Devils zone.
11:28 of 2nd period - Trevor Daley is hit by Mathieu Joseph and loses puck.
11:41 of 2nd period - Shot by Niklas Hjalmarsson.
11:41 of 2nd period - Stopped by Jaroslav Halak without a rebound.
11:42 of 2nd period - William Karlsson wins face-off versus Tyler Bozak in Lightning zone.
11:42 of 2nd period - William Karlsson is hit by Mike Hoffman.
11:56 of 2nd period - Zach Bogosian is hit by Zack Smith.
12:04 of 2nd period - Shot by Zack Smith.
12:04 of 2nd period - Deflect By Mike Hoffman.
12:04 of 2nd period - Stopped by Jaroslav Halak without a rebound.
12:05 of 2nd period - Sidney Crosby wins face-off versus Nicklas Backstrom in Lightning zone.
12:09 of 2nd period - Off-side.
12:10 of 2nd period - Nicklas Backstrom wins face-off versus Sidney Crosby in neutral zone.
12:10 of 2nd period - Minor Penalty to Alex Killorn for Holding.
12:11 of 2nd period - Evgeni Malkin wins face-off versus Travis Zajac in Lightning zone.
12:28 of 2nd period - Shot by T.J. Oshie.
12:28 of 2nd period - Stopped by Jaroslav Halak with a rebound.
12:30 of 2nd period - Shot by Cale Makar.
12:30 of 2nd period - Shot Blocked by Kevin Shattenkirk.
12:32 of 2nd period - Shot by Ryan Suter.
12:32 of 2nd period - Stopped by Jaroslav Halak without a rebound.
12:33 of 2nd period - Travis Zajac wins face-off versus Nicklas Backstrom in Lightning zone.
12:46 of 2nd period - Jason Demers is hit by Mike Hoffman and loses puck.
13:40 of 2nd period - Icing by Cale Makar.
13:41 of 2nd period - Evgeni Malkin wins face-off versus Travis Zajac in Devils zone.
14:08 of 2nd period - Shot by Ryan Suter.
14:08 of 2nd period - Stopped by Jaroslav Halak without a rebound.
14:09 of 2nd period - Travis Zajac wins face-off versus Nicklas Backstrom in Lightning zone.
14:43 of 2nd period - Shot by Sidney Crosby.
14:43 of 2nd period - Stopped by Marc-Andre Fleury without a rebound.
14:44 of 2nd period - William Karlsson wins face-off versus Tyler Bozak in Devils zone.
14:48 of 2nd period - Joonas Donskoi is hit by Damon Severson and loses puck.
15:16 of 2nd period - Minor Penalty to Damon Severson for Hooking.
15:17 of 2nd period - Sidney Crosby wins face-off versus Brian Boyle in Devils zone.
15:36 of 2nd period - Shot by Sidney Crosby.
15:36 of 2nd period - Shot Misses the Net.
15:38 of 2nd period - Shot by Alex Killorn.
15:38 of 2nd period - Shot Blocked by Niklas Hjalmarsson.
16:18 of 2nd period - Alexander Edler is hit by Tyler Bozak and loses puck.
18:15 of 2nd period - Icing by Erik Gudbranson.
18:16 of 2nd period - Jeff Skinner wins face-off versus Brian Boyle in Lightning zone.
18:16 of 2nd period - Travis Zajac is hit by Mathieu Joseph and loses puck.
19:09 of 2nd period - Icing by Zach Bogosian.
19:10 of 2nd period - Sidney Crosby wins face-off versus Tyler Bozak in Lightning zone.
19:19 of 2nd period - Shot by Sidney Crosby.
19:19 of 2nd period - Shot Misses the Net.
19:21 of 2nd period - Shot by Zach Bogosian.
19:21 of 2nd period - Goal by Zach Bogosian - Lightning : 3 - Devils : 1.
19:22 of 2nd period - William Karlsson wins face-off versus Nicklas Backstrom in neutral zone.
19:39 of 2nd period - Shot by Kevin Shattenkirk.
19:39 of 2nd period - Stopped by Marc-Andre Fleury without a rebound.
19:40 of 2nd period - Tyler Bozak wins face-off versus Sidney Crosby in Devils zone.
Goals for this period are 1 for Lightning vs 1 for Devils.
Shots for this period are 6 for Lightning vs 12 for Devils.

3rd period


0:01 of 3rd period - Nicklas Backstrom wins face-off versus Sidney Crosby in neutral zone.
0:01 of 3rd period - Nicklas Backstrom is hit by Sidney Crosby.
0:35 of 3rd period - Icing by Nicklas Backstrom.
0:36 of 3rd period - Nicklas Backstrom wins face-off versus William Karlsson in Devils zone.
1:02 of 3rd period - Icing by Joonas Donskoi.
1:03 of 3rd period - William Karlsson wins face-off versus Tyler Bozak in Lightning zone.
1:03 of 3rd period - William Karlsson is hit by Zack Smith.
2:54 of 3rd period - Shot by Zack Kassian.
2:54 of 3rd period - Stopped by Marc-Andre Fleury without a rebound.
2:55 of 3rd period - Travis Zajac wins face-off versus T.J. Oshie in Devils zone.
3:16 of 3rd period - Shot by Chris Kreider.
3:16 of 3rd period - Stopped by Jaroslav Halak without a rebound.
3:17 of 3rd period - Frederik Gauthier wins face-off versus Tyler Bozak in Lightning zone.
4:23 of 3rd period - Shot by William Karlsson.
4:23 of 3rd period - Shot Blocked by Cale Makar.
4:28 of 3rd period - Icing by Chris Kreider.
4:29 of 3rd period - Travis Zajac wins face-off versus Nicklas Backstrom in Devils zone.
4:30 of 3rd period - Shot by Jeff Skinner.
4:30 of 3rd period - Deflect By Travis Zajac.
4:30 of 3rd period - Stopped by Marc-Andre Fleury without a rebound.
4:31 of 3rd period - Travis Zajac wins face-off versus Evgeni Malkin in Devils zone.
4:46 of 3rd period - Shot by Jeff Skinner.
4:46 of 3rd period - Shot Blocked by Sam Reinhart.
4:52 of 3rd period - Shot by Erik Gudbranson.
4:52 of 3rd period - Shot Misses the Net.
6:21 of 3rd period - Icing by Alex Killorn.
6:22 of 3rd period - Sidney Crosby wins face-off versus Tyler Bozak in Lightning zone.
6:26 of 3rd period - Alexander Edler is hit by Zack Smith and loses puck.
7:10 of 3rd period - William Karlsson is hit by Damon Severson and loses puck.
7:33 of 3rd period - Shot by Nicklas Backstrom.
7:33 of 3rd period - Shot Blocked by William Karlsson.
7:39 of 3rd period - Shot by Nicklas Backstrom.
7:39 of 3rd period - Shot Blocked by Jason Demers.
7:55 of 3rd period - Jeff Carter is hit by T.J. Oshie and loses puck.
8:06 of 3rd period - Jason Demers is hit by Brian Boyle and loses puck.
8:31 of 3rd period - Shot by Cale Makar.
8:31 of 3rd period - Stopped by Jaroslav Halak without a rebound.
8:32 of 3rd period - Sidney Crosby wins face-off versus Tyler Bozak in Lightning zone.
8:41 of 3rd period - Shot by Kevin Shattenkirk.
8:41 of 3rd period - Shot Blocked by Justin Schultz.
8:43 of 3rd period - Shot by Alex Killorn.
8:43 of 3rd period - Stopped by Marc-Andre Fleury without a rebound.
8:44 of 3rd period - Travis Zajac wins face-off versus Tyler Bozak in Devils zone.
8:51 of 3rd period - Shot by Jeff Skinner.
8:51 of 3rd period - Shot Misses the Net.
8:53 of 3rd period - Shot by Jeff Skinner.
8:53 of 3rd period - Shot Misses the Net.
8:55 of 3rd period - Shot by Trevor Daley.
8:55 of 3rd period - Stopped by Marc-Andre Fleury without a rebound.
8:56 of 3rd period - Brian Boyle wins face-off versus Sidney Crosby in Devils zone.
8:56 of 3rd period - Brian Boyle is hit by Alex Killorn.
9:22 of 3rd period - Alex Killorn is hit by Brian Boyle and loses puck.
9:48 of 3rd period - Cale Makar is hit by Erik Gudbranson and loses puck.
10:57 of 3rd period - Shot by Mike Hoffman.
10:57 of 3rd period - Stopped by Jaroslav Halak without a rebound.
10:58 of 3rd period - Evgeni Malkin wins face-off versus Frederik Gauthier in Lightning zone.
11:05 of 3rd period - Shot by Sam Reinhart.
11:05 of 3rd period - Shot Misses the Net.
11:15 of 3rd period - Shot by Evgeni Malkin.
11:15 of 3rd period - Goal by Evgeni Malkin - Lightning : 3 - Devils : 2.
11:16 of 3rd period - Tyler Bozak wins face-off versus Joonas Donskoi in neutral zone.
11:24 of 3rd period - Icing by Zach Bogosian.
11:25 of 3rd period - William Karlsson wins face-off versus Evgeni Malkin in Lightning zone.
11:48 of 3rd period - Shot by Evgeni Malkin.
11:48 of 3rd period - Deflect By Travis Konecny.
11:48 of 3rd period - Shot Misses the Net.
11:57 of 3rd period - Jason Demers is hit by Travis Konecny and loses puck.
12:03 of 3rd period - Jason Demers is hit by Justin Schultz and loses puck.
12:41 of 3rd period - Alex Killorn is hit by Damon Severson and loses puck.
12:49 of 3rd period - Sidney Crosby is hit by Justin Schultz and loses puck.
13:08 of 3rd period - Travis Zajac is hit by Zack Smith.
13:26 of 3rd period - Shot by Jeff Skinner.
13:26 of 3rd period - Shot Blocked by Cale Makar.
14:14 of 3rd period - Shot by T.J. Oshie.
14:14 of 3rd period - Stopped by Jaroslav Halak with a rebound.
14:23 of 3rd period - Icing by Niklas Hjalmarsson.
14:24 of 3rd period - Sidney Crosby wins face-off versus Nicklas Backstrom in Devils zone.
14:50 of 3rd period - Icing by Kevin Shattenkirk.
14:51 of 3rd period - Logan Couture wins face-off versus Brian Boyle in Lightning zone.
15:02 of 3rd period - Shot by Cale Makar.
15:02 of 3rd period - Deflect By Brian Boyle.
15:02 of 3rd period - Stopped by Jaroslav Halak with a rebound.
15:10 of 3rd period - Shot by Logan Couture.
15:10 of 3rd period - Deflect By Sidney Crosby.
15:10 of 3rd period - Shot Misses the Net.
15:14 of 3rd period - Shot by Alex Killorn.
15:14 of 3rd period - Stopped by Marc-Andre Fleury with a rebound.
15:43 of 3rd period - Cale Makar is hit by Erik Gudbranson and loses puck.
15:44 of 3rd period - Minor Penalty to Erik Gudbranson for High sticking.
15:45 of 3rd period - Chris Kreider wins face-off versus Travis Zajac in Lightning zone.
16:41 of 3rd period - Shot by Travis Konecny.
16:41 of 3rd period - Shot Blocked by Alexander Edler.
16:43 of 3rd period - Shot by Cale Makar.
16:43 of 3rd period - Shot Misses the Net.
16:45 of 3rd period - Shot by Cale Makar.
16:45 of 3rd period - Goal by Cale Makar - Lightning : 3 - Devils : 3.
16:46 of 3rd period - Sidney Crosby wins face-off versus Tyler Bozak in neutral zone.
16:53 of 3rd period - Shot by Mike Hoffman.
16:53 of 3rd period - Stopped by Jaroslav Halak without a rebound.
16:54 of 3rd period - Tyler Bozak wins face-off versus Sidney Crosby in Lightning zone.
17:23 of 3rd period - Shot by Alex Killorn.
17:23 of 3rd period - Stopped by Marc-Andre Fleury without a rebound.
17:24 of 3rd period - William Karlsson wins face-off versus Evgeni Malkin in Devils zone.
17:27 of 3rd period - Shot by Joonas Donskoi.
17:27 of 3rd period - Shot Misses the Net.
17:29 of 3rd period - Shot by William Karlsson.
17:29 of 3rd period - Shot Misses the Net.
17:34 of 3rd period - Jeff Carter is hit by Damon Severson.
17:38 of 3rd period - Shot by Trevor Daley.
17:38 of 3rd period - Shot Blocked by Justin Schultz.
17:54 of 3rd period - Shot by Jeff Carter.
17:54 of 3rd period - Stopped by Marc-Andre Fleury without a rebound.
17:55 of 3rd period - Sidney Crosby wins face-off versus Nicklas Backstrom in Devils zone.
18:46 of 3rd period - Off-side.
18:47 of 3rd period - Tyler Bozak wins face-off versus William Karlsson in neutral zone.
19:10 of 3rd period - Shot by William Karlsson.
19:10 of 3rd period - Deflect By Joonas Donskoi.
19:10 of 3rd period - Stopped by Marc-Andre Fleury with a rebound.
19:36 of 3rd period - Jeff Skinner is hit by Zack Smith and loses puck.
19:51 of 3rd period - Shot by Travis Zajac.
19:51 of 3rd period - Stopped by Marc-Andre Fleury without a rebound.
19:52 of 3rd period - Evgeni Malkin wins face-off versus Frederik Gauthier in Devils zone.
Goals for this period are 0 for Lightning vs 2 for Devils.
Shots for this period are 9 for Lightning vs 8 for Devils.

Overtime #1


0:01 of 1st overtime period - Evgeni Malkin wins face-off versus William Karlsson in neutral zone.
0:10 of 1st overtime period - Shot by Nicklas Backstrom.
0:10 of 1st overtime period - Shot Hit the Post.
1:05 of 1st overtime period - Shot by Travis Konecny.
1:05 of 1st overtime period - Shot Misses the Net.
1:07 of 1st overtime period - Shot by T.J. Oshie.
1:07 of 1st overtime period - Shot Blocked by Kevin Shattenkirk.
1:09 of 1st overtime period - Shot by Travis Konecny.
1:09 of 1st overtime period - Goal by Travis Konecny - Lightning : 3 - Devils : 4.
Goals for this period are 0 for Lightning vs 1 for Devils.
Shots for this period are 0 for Lightning vs 1 for Devils.